 Dungeon Crawl Stone Soup version 0.24-a0-54-g776a2178cb (webtiles) character file.

Game seed: 14861978424724579052

180 Flugslaktarn the Chopper (level 5, 0/47 HPs)
             Began as a Minotaur Fighter on Feb 4, 2019.
             Slain by an orc
             ... wielding a +0 mace
              (2 damage)
             ... on level 4 of the Dungeon.
             The game lasted 00:00:46 (1217 turns).

Flugslaktarn the Chopper (Minotaur Fighter)         Turns: 1217, Time: 00:00:46

Health: 0/47       AC:  8    Str: 21    XL:     5   Next: 33%
Magic:  4/4        EV:  7    Int:  5    God:
Gold:   130        SH:  9    Dex: 10    Spells: 4/4 levels left

rFire    . . .     SeeInvis .   a - +0 war axe
rCold    . . .     Gourm    .   c - +0 shield
rNeg     . . .     Faith    .   b - +0 scale mail
rPois    .         Spirit   .   (helmet restricted)
rElec    .         Reflect  .   (no cloak)
rCorr    .         Harm     .   (no gloves)
MR       .....                  j - +0 pair of boots
Stlth    ..........             (no amulet)
HPRegen  0.15/turn              s - -2 ring of slaying (curse)
MPRegen  0.09/turn              (no ring)

@: no status effects
A: retaliatory headbutt, horns 2
a: no special abilities


You were on level 4 of the Dungeon.
You were very hungry.

You visited 1 branch of the dungeon, and saw 4 of its levels.

You collected 130 gold pieces.

Inventory:

Hand Weapons
 a - a +0 war axe (weapon)
Armour
 b - a +0 scale mail (worn)
 c - a +0 shield (worn)
 j - a +0 pair of boots (worn)
Jewellery
 s - a cursed -2 ring of slaying (left hand)
Scrolls
 e - 3 scrolls of identify {unknown}
 i - a scroll of immolation {unknown}
 l - a scroll of magic mapping {unknown}
 m - a scroll of remove curse {unknown}
 n - a scroll of fear {unknown}
Potions
 d - a potion of might {@q4}
 g - a potion of heal wounds {unknown}
 h - a potion of degeneration {unknown}
 k - 2 potions of curing {unknown}
Comestibles
 f - 6 rations {@e1}


   Skills:
 + Level 4.8 Fighting
 * Level 5.1 Axes
 + Level 4.8 Armour
 - Level 3.6 Shields


You had 4 spell levels left.
You didn't know any spells.
Your spell library was empty.

Dungeon Overview and Level Annotations

Branches:
Dungeon (4/15)             Temple (0/1) D:4

Altars:
Dithmenos
Elyvilon
Ru


Innate Abilities, Weirdness & Mutations

You reflexively headbutt those who attack you in melee.
You have a pair of horns on your head.


Message History

You are too injured to fight recklessly!
You are too injured to fight recklessly!
You are too injured to fight recklessly!
You are too injured to fight recklessly!
You are too injured to fight recklessly!
You are too injured to fight recklessly!
You are too injured to fight recklessly!
You are too injured to fight recklessly!
You are too injured to fight recklessly!
You are too injured to fight recklessly!
You are too injured to fight recklessly!
Unknown command.
You hit the orc priest. Your headbutt misses the orc priest.
The orc priest is almost dead.
You hit the orc priest.
Your scale mail prevents you from hitting the orc wizard.
Your shield and scale mail prevent you from hitting the orc.
The orc wizard barely misses you. You block the orc priest's attack.
The orc hits you with a +0 mace.
You die...

.................#
###.##.##....._...#
.................##
..........#...##.#
......<.......##.#
....>.....###....#######
........................
..........##888#........
..........#8...8@o.....<
...........8.>.ooo......
..........#8...8........
..........##888#........
######.##.###........?..
####..%##..# #.... .##
...... #


You could see 2 orc priests, an orc wizard and an orc.

Vanquished Creatures
  A bullfrog (D:3)
  A worker ant (D:4)
  A gnoll (D:1)
  2 adders
  An ooze (D:2)
  2 adder skeletons (D:4)
  2 worms
  A dart slug (D:2)
  2 orcs (D:4)
  4 bats
  4 giant cockroaches
  3 hobgoblins
  A ball python (D:1)
  2 frilled lizards
  5 goblins
  13 kobolds
  A rat (D:1)
46 creatures vanquished.

Notes
Turn   | Place    | Note
-------+----------+-------------------------------------------
     0 | D:1      | Flugslaktarn the Minotaur Fighter began the quest for the
                  | Orb.
     0 | D:1      | Reached XP level 1. HP: 19/19 MP: 0/0
   170 | D:1      | Reached skill level 3 in Axes
   170 | D:1      | Reached XP level 2. HP: 27/27 MP: 1/1
   293 | D:2      | Reached XP level 3. HP: 29/33 MP: 2/2
   779 | D:3      | Found a white marble altar of Elyvilon.
   831 | D:3      | Reached skill level 4 in Axes
   868 | D:3      | Noticed a bullfrog
   874 | D:3      | Killed a bullfrog
   874 | D:3      | Reached XP level 4. HP: 34/41 MP: 3/3
  1145 | D:4      | Reached XP level 5. HP: 42/47 MP: 4/4
  1149 | D:4      | Reached skill level 5 in Axes
  1178 | D:4      | Found a sacrificial altar of Ru.
  1183 | D:4      | Found a shadowy altar of Dithmenos.
  1202 | D:4      | Found a staircase to the Ecumenical Temple.
  1216 | D:4      | HP: 2/47 [orc wizard/+0 dagger (2)]
  1217 | D:4      | Slain by an orc

Vault maps used:
D:1:      nzn_arrival_crosshair
D:2:      minmay_spotlight
D:3:      nicolae_overflow_crystal_walls
D:4:      grunt_temple_overflow_open, minmay_temple_entry_statues, first_ration,
          kennysheep_generic_room_9, uniq_pikel

Skill      XL: |  1  2  3  4  5 |
---------------+----------------+-----
Axes           | 3 4 5 |  5.1
Armour         | 4 |  4.8
Fighting       | 4 |  4.8
Shields        | |  3.6

Action                   |  1- 3 |  4- 6 || total
-------------------------+-------+-------++-------
Melee: War axe           |    78 |    32 ||   110
       Headbutt          |    11 |     5 ||    16
Armor: Scale mail        |    48 |    17 ||    65
Dodge: Dodged            |    28 |    11 ||    39
Block: Shield            |    61 |    23 ||    84

Table legend:
 A = Non-vault XP
 B = Vault XP
 C = Vault XP percentage of total XP
 D = Non-vault monster count
 E = Vault monster count
 F = Vault count percentage of total count
                 A         B        C        D         E       F
            +---------+---------+-------+---------+---------+-------
      Total |     258 |       0 |   0.0 |      46 |       0 |   0.0
            +---------+---------+-------+---------+---------+-------
        D:1 |      30 |       0 |   0.0 |      12 |       0 |   0.0
        D:2 |      46 |       0 |   0.0 |      16 |       0 |   0.0
        D:3 |     118 |       0 |   0.0 |      11 |       0 |   0.0
        D:4 |      64 |       0 |   0.0 |       7 |       0 |   0.0
            +---------+---------+-------+---------+---------+-------
